 Dungeon Crawl Stone Soup version 0.24-a0-580-g6a6c3f83c1 (webtiles) character file.

Game seed: 10254273366919705631

10208 Enish the Protected (level 11, -1/77 HPs)
             Began as a Formicid Chaos Knight on Aug 21, 2019.
             Was an Initiate of Gozag.
             Slain by a minotaur (12 damage)
             ... in a Gauntlet.
             The game lasted 01:18:38 (5548 turns).

Enish the Protected (Formicid Chaos Knight)         Turns: 5548, Time: 01:18:39

Health: -1/77      AC: 14    Str: 24    XL:     11   Next: 88%
Magic:  20/20      EV: 18    Int: 14    God:    Gozag
Gold:   136        SH:  0    Dex: 19    Spells: 13/22 levels left

rFire    + + .     SeeInvis +   d - +6 dagger (speed)
rCold    + + +     Gourm    .   (no shield)
rNeg     . . .     Faith    .   h - +2 chain mail {rF+}
rPois    +         Spirit   .   (helmet unavailable)
rElec    +         Reflect  .   l - +2 cloak
rCorr    +         Harm     .   e - +0 pair of gloves
MR       ++...                  (no boots)
Stlth    +.........             (no amulet)
HPRegen  0.22/turn              C - ring "Huniunt" {rC+ Str+2 Dex+3}
MPRegen  0.17/turn              k - ring of protection from cold

@: mighty, agile, resistant
A: permanent stasis, dig shafts and tunnels, four strong arms, antennae 3, cold
resistance 1, deformed body, frail 1, magic resistance 1
a: Dig, Shaft Self, Potion Petition, Call Merchant, Bribe Branch, Renounce
Religion


You were in a Gauntlet.
You worshipped Gozag.
Gozag was aware of your devotion.
You were very hungry.

You visited 1 branch of the dungeon, and saw 11 of its levels.
You also visited: Gauntlet.

You collected 2005 gold pieces.
You spent 1036 gold pieces at shops.
You paid 833 gold pieces to Gozag.

Inventory:

Hand Weapons
 a - a +0 hand axe of chaos
 d - a +6 dagger of speed (weapon)
Missiles
 g - a poisoned dart
 w - 6 javelins
 y - 8 silver boomerangs
 z - 9 boomerangs (quivered)
Armour
 b - a +2 leather armour
 c - the -2 pair of gloves "Vaori" {Str+6}
   (You found it in a Gauntlet)

   It affects your strength (+6).
 e - a +0 pair of gloves (worn)
 h - a +2 chain mail of fire resistance (worn)
 l - a +2 cloak (worn)
Jewellery
 i - an uncursed ring of wizardry
 j - a +4 ring of strength
 k - a ring of protection from cold (right hand)
 C - the ring "Huniunt" (left hand) {rC+ Str+2 Dex+3}
   (You bought it in a shop on level 8 of the Dungeon)

   [ring of strength]

   It affects your strength (+2).
   It affects your dexterity (+3).
   It protects you from cold.
Wands
 s - a wand of disintegration (5)
 u - a wand of enslavement (1)
 v - a wand of flame (3)
Scrolls
 p - a scroll of summoning
 r - a scroll of remove curse
 x - 2 scrolls of fog
 A - a scroll of amnesia
Potions
 f - a potion of resistance
 n - 2 potions of flight
 q - a potion of curing


   Skills:
 * Level 7.8 Fighting
 - Level 4.0 Short Blades
 - Level 3.0 Axes
 - Level 8.8 Armour
 - Level 7.2 Dodging
 - Level 5.0 Stealth
 - Level 6.0 Spellcasting
 - Level 8.0 Hexes
 - Level 6.0 Ice Magic
 - Level 2.0 Evocations


You had 13 spell levels left.
You knew the following spells:

 Your Spells              Type           Power        Failure   Level  Hunger
a - Ensorcelled Hibernat  Hex/Ice        ###...       8%          2    #......
b - Confuse               Hex            ####....     10%         3    ###....
c - Tukima's Dance        Hex            ####....     10%         3    ###....
d - Apportation           Tloc           #.....       65%         1    None

Your spell library contained the following spells:

 Spells                   Type           Power        Failure   Level  Hunger
 Confusing Touch          Hex            ####..       3%          1    None
 Corona                   Hex            ####...      3%          1    None
 Dazzling Spray           Conj/Hex       ###...       45%         3    ###....
 Inner Flame              Hex/Fire       ###.....     45%         3    ###....
 Animate Skeleton         Necr           N/A          65%         1    None
 Flame Tongue             Conj/Fire      #....        65%         1    None
 Summon Small Mammal      Summ           #...         65%         1    None
 Throw Flame              Conj/Fire      #.....       78%         2    #......
 Conjure Flame            Conj/Fire      #.......     95%         3    ###....
 Sticky Flame             Conj/Fire      #.......     100%        4    ####...
 Fireball                 Conj/Fire      #.........   100%        5    ######.


Dungeon Overview and Level Annotations

Branches:
Dungeon (11/15)            Temple (0/1) D:7            Lair (0/6) D:9
Gauntlet (1/1)
    Orc: D:9-12

Altars:
Dithmenos
Fedhas
Gozag
Hepliaklqana
Kikubaaqudgha
Trog
Uskayaw
Vehumet
Wu Jian
Zin

Shops:
D:5 *?:   D:8 =   D:9 (

Annotations:
D:8 exclusion: 2 downstairs Gauntlet 11 transporters, 21 runed translucent doors, exclusion: ice statue


Innate Abilities, Weirdness & Mutations

You cannot be hasted, slowed, berserked, paralysed or teleported.
You can dig through walls and to a lower floor.
Your four strong arms can wield two-handed weapons with a shield.
You have a pair of large antennae on your head. (SInv)
Your flesh is cold resistant. (rC+)
Armour fits poorly on your strangely shaped body.
You are frail. (-10% HP)
You are resistant to hostile enchantments. (MR+)


Message History

Press: ? - help, Shift-Dir - straight line, f - minotaur
Aim: a minotaur, wearing a +0 chain mail (chance to defeat MR: 2%)
Okay, then.
You hit the minotaur but do no damage. You puncture the minotaur!
The minotaur is lightly wounded.
The minotaur completely misses you. The minotaur gores you!
You hit the minotaur but do no damage.
The minotaur is lightly wounded.
The minotaur hits you! The minotaur gores you!
You hit the minotaur.
The minotaur is lightly wounded.
You puncture the minotaur!
The minotaur is moderately wounded.
The minotaur hits you!
* * * LOW HITPOINT WARNING * * *
The minotaur gores you!
You die...
Xom chuckles heartily!
Your body crumbles into a pile of gold.

.. ### #. #∩#
#.##.# .. ..#H# #.
#.#@#
###.##.#'###.##.
#.......(.......
#.##.##.##.##.##
#.##.##.##.##.
#..............
##.##.##.##.##.#
###.##.##.##.##.###
#≈...............§#


You could see a minotaur.

Vanquished Creatures
  A hydra (D:11)
  2 centaur zombies
  3 elephants (Gauntlet)
  A torpor snail (Gauntlet)
  A rime drake (Gauntlet)
  A troll (D:9)
  2 centaur simulacra (Gauntlet)
  A spriggan (D:7)
  12 yaks
  A water moccasin (D:7)
  A hydra simulacrum (Gauntlet)
  3 black bears
  6 orc warriors
  An eye of draining (D:9)
  3 sky beasts
  5 ice beasts
  3 phantoms
  4 wolves (D:9)
  An ogre (D:5)
  3 centaurs
  A big kobold (D:7)
  5 bullfrogs
  3 scorpions
  3 killer bees (D:10)
  An electric eel (D:9)
  2 crimson imps
  A bullfrog zombie (D:5)
  7 hounds
  2 jellies
  8 orc priests
  8 orc wizards
  Crazy Yiuf (D:5)
  8 worker ants
  2 iguanas
  4 gnolls (D:5)
  6 adders
  5 oozes
  An adder skeleton (D:5)
  4 worms
  5 dart slugs
  6 leopard geckos
  31 orcs
  7 bats
  4 giant cockroaches
  5 goblins
  4 hobgoblins
  8 jackals
  12 kobolds
  3 quokkas
  6 frilled lizards
  A giant cockroach zombie (D:6)
  A leopard gecko skeleton (D:8)
  9 rats
229 creatures vanquished.

Vanquished Creatures (collateral kills)
  2 yaks (D:6)
  A hungry ghost (D:11)
3 creatures vanquished.

Vanquished Creatures (others)
  2 yaks (D:6)
  A quokka (D:9)
3 creatures vanquished.

Grand Total: 235 creatures vanquished

Notes
Turn   | Place    | Note
-------+----------+-------------------------------------------
     0 | D:1      | Enish the Formicid Chaos Knight began the quest for the
                  | Orb.
     0 | D:1      | Reached XP level 1. HP: 18/18 MP: 1/1
     8 | D:1      | Reached skill level 1 in Dodging
    12 | D:1      | Reached XP level 2. HP: 23/24 MP: 2/2
    18 | D:1      | XOM: silly message
   147 | D:1      | Reached skill level 1 in Short Blades
   158 | D:1      | Reached XP level 3. HP: 27/29 MP: 3/3
   295 | D:2      | XOM: silly message
   370 | D:3      | XOM: silly message
   461 | D:2      | Reached XP level 4. HP: 25/37 MP: 4/4
   540 | D:2      | XOM: noise
   548 | D:2      | Reached skill level 1 in Stealth
   568 | D:3      | Reached XP level 5. HP: 15/42 MP: 5/5
   742 | D:2      | You fall into a shaft and drop 2 floors!
   757 | D:4      | Learned a level 2 spell: Ensorcelled Hibernation
   791 | D:4      | Reached skill level 1 in Hexes
   839 | D:3      | XOM: potion effect (curing)
   959 | D:3      | Found an opulent altar of Gozag.
   974 | D:3      | Fell from the grace of Xom
   974 | D:3      | Became a worshipper of Gozag Ym Sagoz the Greedy
   991 | D:3      | Found a radiant altar of Vehumet.
  1013 | D:3      | Reached XP level 6. HP: 39/48 MP: 6/6
  1079 | D:5      | Entered Level 5 of the Dungeon
  1079 | D:5      | Found Jahauruy's Magic Scroll Boutique.
  1094 | D:5      | Bought a scroll of enchant weapon for 90 gold pieces
  1136 | D:3      | You fall into a shaft and drop 1 floor!
  1162 | D:4      | Reached skill level 1 in Spellcasting
  1449 | D:4      | You fall into a shaft and drop 2 floors!
  1472 | D:7      | Found a bloodstained altar of Trog.
  1472 | D:7      | Noticed a black bear
  1480 | D:7      | Killed a black bear
  1480 | D:7      | Reached XP level 7. HP: 53/54 MP: 5/8
  1557 | D:5      | Found a runed translucent door.
  1557 | D:5      | Noticed Crazy Yiuf
  1558 | D:5      | Killed Crazy Yiuf
  1623 | D:5      | Found Lyammaom's Book Shop.
  1674 | D:5      | Found Xutz's General Store.
  1704 | D:5      | Bought a wand of disintegration (13) for 187 gold pieces
  1735 | D:6      | Reached XP level 8. HP: 47/60 MP: 9/9
  1765 | D:5      | Noticed an angel
  1766 | D:5      | Found a glowing silver altar of Zin.
  1786 | D:5      | Reached skill level 5 in Hexes
  1786 | D:5      | Reached skill level 1 in Evocations
  1832 | D:5      | Reached skill level 1 in Ice Magic
  1851 | D:5      | Reached skill level 5 in Stealth
  1936 | D:5      | XOM: god gift: 54 gold pieces
  1998 | D:5      | XOM: medium Tmut miscast
  2020 | D:5      | Gained mutation: You are weak. (Str -2) [mutagenic glow]
  2161 | D:5      | You fall into a shaft and drop 1 floor!
  2222 | D:6      | Noticed a yak
  2223 | D:6      | Found a radiant altar of Vehumet.
  2223 | D:6      | Noticed a yak
  2244 | D:6      | Noticed a yak
  2246 | D:6      | Noticed a yak
  2257 | D:6      | Killed a yak
  2257 | D:6      | Noticed a yak
  2262 | D:6      | Killed a yak
  2280 | D:6      | Killed a yak
  2280 | D:6      | Reached XP level 9. HP: 39/65 MP: 1/10
  2285 | D:6      | Learned a level 3 spell: Confuse
  2289 | D:6      | Learned a level 3 spell: Tukima's Dance
  2401 | D:7      | Reached skill level 5 in Ice Magic
  2406 | D:7      | Found a shadowy altar of Dithmenos.
  2524 | D:5      | Lost mutation: You are weak. (Str -2) [potion of mutation]
  2524 | D:5      | Gained mutation: You are resistant to hostile enchantments.
                  | (MR+) [potion of mutation]
  2524 | D:5      | Gained mutation: Your flesh is cold resistant. (rC+)
                  | [potion of mutation]
  2524 | D:5      | Gained mutation: You passively map a small area around you.
                  | [potion of mutation]
  2535 | D:5      | Bought a scroll of summoning for 114 gold pieces
  2535 | D:5      | Bought a scroll of summoning for 114 gold pieces
  2535 | D:5      | Bought a scroll of enchant armour for 90 gold pieces
  2535 | D:5      | Bought a scroll of fog for 24 gold pieces
  2537 | D:5      | You fall into a shaft and drop 3 floors!
  2537 | D:8      | Found Penogoy's Jewellery Boutique.
  2740 | D:8      | Found a hazy altar of Hepliaklqana.
  2776 | D:8      | XOM: medium Fire miscast
  2992 | D:8      | Learned a level 1 spell: Apportation
  3010 | D:8      | HP: 3/65 [acid (10)]
  3074 | D:9      | Noticed a troll
  3213 | D:7      | XOM: polymorph bullfrog -> water moccasin
  3218 | D:7      | Reached skill level 5 in Dodging
  3218 | D:7      | Reached XP level 10. HP: 55/71 MP: 9/14
  3284 | D:7      | Reached skill level 5 in Fighting
  3327 | D:7      | Found a staircase to the Ecumenical Temple.
  3535 | D:7      | Found a hide-covered altar of Uskayaw.
  3644 | D:6      | You fall into a shaft and drop 2 floors!
  3661 | D:8      | Found an ancient bone altar of Kikubaaqudgha.
  3697 | D:8      | Found a blossoming altar of Fedhas.
  3743 | D:8      | Bought the ring "Huniunt" {rC+ Str+2 Dex+3} for 417 gold
                  | pieces
  3905 | D:9      | Noticed a two-headed ogre
  3933 | D:8      | You fall into a shaft and drop 1 floor!
  3974 | D:9      | Reached skill level 5 in Armour
  4046 | D:9      | You fall into a shaft and drop 1 floor!
  4046 | D:10     | Entered Level 10 of the Dungeon
  4054 | D:10     | XOM: give mutation
  4054 | D:10     | Gained mutation: You are frail. (-10% HP) [Xom's mischief]
  4060 | D:10     | Reached XP level 11. HP: 10/71 MP: 0/15
  4244 | D:10     | Found an ornate altar of the Wu Jian Council.
  4554 | D:9      | Found Joinair's Antique Weapon Shop.
  4591 | D:9      | Found a staircase to the Lair.
  4707 | D:9      | Reached skill level 5 in Spellcasting
  4775 | D:9      | You fall into a shaft and drop 2 floors!
  4823 | D:11     | Noticed a four-headed hydra
  4831 | D:11     | Killed a four-headed hydra
  4849 | D:11     | XOM: give mutations
  4849 | D:11     | Gained mutation: Armour fits poorly on your strangely
                  | shaped body. [Xom's mischief]
  4849 | D:11     | Lost mutation: You passively map a small area around you.
                  | [Xom's mischief]
  4856 | D:11     | Found a gate leading to a gauntlet.
  4874 | Gauntlet | Entered a Gauntlet
  4874 | Gauntlet | Found a transporter.
  4878 | Gauntlet | Noticed an elephant
  4888 | Gauntlet | Found a transporter.
  4898 | Gauntlet | Found a transporter.
  4903 | Gauntlet | Found a transporter.
  4928 | Gauntlet | Found a transporter.
  4937 | Gauntlet | Found a transporter.
  4949 | Gauntlet | Found a transporter.
  4961 | Gauntlet | Found a transporter.
  4973 | Gauntlet | Found a transporter.
  4973 | Gauntlet | Noticed a wretched star
  4981 | Gauntlet | Found a large runed translucent door.
  4982 | Gauntlet | Found a large runed translucent door.
  4983 | Gauntlet | Found a large runed translucent door.
  4983 | Gauntlet | Found a large runed translucent door.
  4984 | Gauntlet | Found a runed translucent gate.
  4985 | Gauntlet | Found a transporter.
  4985 | Gauntlet | Found a runed translucent gate.
  4985 | Gauntlet | Noticed a hell hog
  4986 | Gauntlet | Found a runed translucent gate.
  4987 | Gauntlet | Found a large runed translucent door.
  4987 | Gauntlet | Found a large runed translucent door.
  4988 | Gauntlet | Found a large runed translucent door.
  4989 | Gauntlet | Found a large runed translucent door.
  4998 | Gauntlet | Found a large runed translucent door.
  4998 | Gauntlet | Found a large runed translucent door.
  4998 | Gauntlet | Found a runed translucent door.
  4998 | Gauntlet | Found a runed translucent door.
  4999 | Gauntlet | Found a large runed translucent door.
  5000 | Gauntlet | Found a large runed translucent door.
  5002 | Gauntlet | Found a transporter.
  5009 | Gauntlet | Found a large runed translucent door.
  5009 | Gauntlet | Found a large runed translucent door.
  5010 | Gauntlet | Found a large runed translucent door.
  5011 | Gauntlet | Found a large runed translucent door.
  5019 | Gauntlet | Found a transporter.
  5021 | Gauntlet | Found a transporter.
  5051 | Gauntlet | Noticed an elephant
  5051 | Gauntlet | Noticed an elephant
  5051 | Gauntlet | Found a transporter.
  5066 | Gauntlet | Killed an elephant
  5086 | Gauntlet | Killed an elephant
  5105 | Gauntlet | Killed an elephant
  5113 | Gauntlet | Found a transporter.
  5117 | Gauntlet | Found a transporter.
  5125 | Gauntlet | Found a transporter.
  5397 | Gauntlet | Got a pair of ancient gloves
  5408 | Gauntlet | Identified the cursed -2 pair of gloves "Vaori" {Str+6}
                  | (You found it in a Gauntlet)
  5538 | Gauntlet | Noticed a minotaur
  5548 | Gauntlet | Slain by a minotaur

Levels and vault maps discovered:
D:1:      lightli_arrival_boilingwater, layout_rooms, minmay_tetromino_i4
D:2:      layout_basic, nicolae_ru_path_of_blood,
          chequers_serial_rivers_large_a, kennysheep_generic_room_13
D:3:      layout_basic, lemuel_crystal_altar, lemuel_coloured_pillars_altar,
          first_ration
D:4:      layout_loops_ring
D:5:      minmay_razor_zed, layout_loops_ring, zin_angel, serial_shops, shop,
          nicolae_shop_stone, shop, uniq_crazy_yiuf_cottage
D:6:      layout_basic, vehumet_altar_wand_db
D:7:      layout_rooms, trog_ov_bears_minmay, nicolae_dithmenos_shadow_blocks,
          nicolae_overflow_crystal_walls, minmay_temple_entry_waves
D:8:      layout_cave_pods, old_standard_altar, kennysheep_mini,
          kiku_gazebo_garden_becter, serial_shops, shop, the_bakery
D:9:      layout_basic, elyvilon_altar_4, erik_lair_island, serial_shops,
          nicolae_shop_competitors_out_of_business, uniq_psyche
D:10:     layout_basic, basic_altar, minmay_fountain_box
D:11:     layout_basic, gauntlet_entry_generic
Gauntlet: gammafunk_gauntlet_one_two_three [nicolae_gauntlet_arena_grate_2,
          gammafunk_gauntlet_arena_chambers, nicolae_gauntlet_arena_quarters,
          gammafunk_gauntlet_arena_spirals, nicolae_gauntlet_arena_t_cross,
          gammafunk_gauntlet_arena_grid, nicolae_gauntlet_arena_blocks,
          gammafunk_gauntlet_arena_open,
          minmay_gauntlet_arena_make_your_own_arena, gauntlet_exit_green]

Skill      XL: |  1  2  3  4  5  6  7  8  9 10 11 |
---------------+----------------------------------+-----
Dodging        | 1 2 3 5 7 |  7.2
Short Blades   | 1 2 3 4 |  4.0
Fighting       | 4 5 7 |  7.8
Stealth        | 2 3 4 5 |  5.0
Hexes          | 2 4 6 8 |  8.0
Spellcasting   | 1 3 6 |  6.0
Evocations     | 2 |  2.0
Ice Magic      | 3 6 |  6.0
Armour         | 7 8 |  8.8
Axes           | |  3.0

Action                   |  1- 3 |  4- 6 |  7- 9 | 10-12 || total
-------------------------+-------+-------+-------+-------++-------
Melee: Hand axe          |     4 |       |       |       ||     4
       Dagger            |    96 |   220 |   273 |   420 ||  1009
Throw: Dart              |       |     7 |     1 |       ||     8
       Boomerang         |       |       |       |    21 ||    21
 Cast: Ensorcelled Hiber |       |    10 |    37 |    60 ||   107
Invok: Potion Petition   |       |       |     1 |     3 ||     4
 Abil: Dig               |     2 |    11 |    15 |    23 ||    51
       Shaft Self        |       |     3 |     2 |     4 ||     9
Evoke: Wand              |       |       |    17 |    36 ||    53
  Use: Scroll            |     5 |     6 |     4 |     9 ||    24
       Potion            |     1 |     1 |     2 |     9 ||    13
 Stab: Sleeping          |       |     7 |    27 |    28 ||    62
       Distracted        |       |       |     2 |     1 ||     3
  Eat: Ration            |       |     2 |     4 |     5 ||    11
       Chunk             |       |     1 |       |       ||     1
Armor: Leather armour    |    17 |    35 |    48 |    13 ||   113
       Chain mail        |       |       |       |    99 ||    99
Dodge: Dodged            |    30 |    82 |   111 |   167 ||   390

Table legend:
 A = Non-vault XP
 B = Vault XP
 C = Vault XP percentage of total XP
 D = Non-vault monster count
 E = Vault monster count
 F = Vault count percentage of total count
                 A         B        C        D         E       F
            +---------+---------+-------+---------+---------+-------
      Total |   10557 |    4026 |  27.6 |     201 |      32 |  13.7
            +---------+---------+-------+---------+---------+-------
        D:1 |      34 |       6 |  15.0 |      14 |       4 |  22.2
        D:2 |      48 |      15 |  23.8 |      16 |       2 |  11.1
        D:3 |     171 |       0 |   0.0 |      19 |       0 |   0.0
        D:4 |     235 |       0 |   0.0 |      14 |       0 |   0.0
        D:5 |     584 |     111 |  16.0 |      23 |       8 |  25.8
        D:6 |     925 |       2 |   0.2 |      16 |       1 |   5.9
        D:7 |    1609 |     479 |  22.9 |      32 |       3 |   8.6
        D:8 |    1306 |       0 |   0.0 |      26 |       0 |   0.0
        D:9 |    2020 |     534 |  20.9 |      21 |       6 |  22.2
       D:10 |    2248 |       0 |   0.0 |      16 |       0 |   0.0
       D:11 |    1377 |       0 |   0.0 |       4 |       0 |   0.0
   Gauntlet |       0 |    2879 | 100.0 |       0 |       8 | 100.0
            +---------+---------+-------+---------+---------+-------
